 Dungeon Crawl Stone Soup version 0.29-a0-555-g3b24f45cc1 (webtiles) character file.

Game seed: 3863926488584213352

4857 Ypa the Covert (level 10, -1/47 HPs)
             Began as a Spriggan Enchanter on June 8, 2022.
             Was an Initiate of Dithmenos.
             Slain by a troll (12 damage)
             ... on level 9 of the Dungeon.
             The game lasted 00:19:44 (10551 turns).

Ypa the Covert (Spriggan Enchanter)                Turns: 10551, Time: 00:19:45

Health: -1/47      AC:  3    Str:  8    XL:     10   Next: 25%
Magic:  13/25      EV: 21    Int: 17    God:    Dithmenos [......]
Gold:   383        SH:  0    Dex: 22    Spells: 18/29 levels left

rFire   . . .      SeeInvis +   c - +4 dagger (venom)
rCold   . . .      Faith    .   (no shield)
rNeg    . . .      Spirit   .   b - +1 robe
rPois   .          Reflect  .   (helmet restricted)
rElec   .          Harm     .   (no cloak)
rCorr   .          Rampage  .   (gloves unavailable)
Will    +....                   (boots unavailable)
Stlth   ++++++....              v - amulet of regeneration
HPRegen 0.95/turn               q - +6 ring of dexterity
MPRegen 0.19/turn               g - ring of wizardry

@: very quick
A: very small, no large weapons, unfitting armour, see invisible, speed 3
a: Renounce Religion


You were on level 9 of the Dungeon.
You worshipped Dithmenos.
Dithmenos was noncommittal.
You visited 2 branches of the dungeon, and saw 10 of its levels.

You collected 383 gold pieces.

Inventory:

Hand Weapons
 c - a +4 dagger of venom (weapon)
 f - a +2 dagger of freezing
 o - a +0 rapier of electrocution
Missiles
 h - a throwing net (quivered)
 t - 17 poisoned darts
Armour
 b - a +1 robe (worn)
Jewellery
 g - a ring of wizardry (right hand)
 n - a ring of fire
 q - a +6 ring of dexterity (left hand)
 v - an amulet of regeneration (around neck)
 y - a ring of willpower
Wands
 m - a wand of iceblast (9)
 p - a wand of flame (20)
 A - a wand of acid (14)
Scrolls
 d - 5 scrolls of teleportation
 j - a scroll of blinking
 l - 2 scrolls of fog
Potions
 a - a potion of magic
 e - a potion of cancellation
 i - 5 potions of flight
 k - a potion of might
 r - 3 potions of curing
 s - a potion of resistance
 u - 2 potions of brilliance
 w - a potion of lignification {unknown}
 x - a potion of mutation {unknown}
 z - a potion of degeneration {unknown}


   Skills:
 + Level 2.7 Fighting
 + Level 4.0 Short Blades
 + Level 5.4 Dodging
 * Level 12.4 Stealth
 + Level 10.2 Spellcasting
 + Level 10.4 Hexes


You had 18 spell levels left.
You knew the following spells:

 Your Spells              Type           Power      Damage    Failure   Level
a - Ensorcelled Hibernat  Hex/Ice        52%        N/A       1%          2
b - Tukima's Dance        Hex            44%        N/A       1%          3
c - Dazzling Flash        Conj/Hex       52%        N/A       1%          3
d - Confusing Touch       Hex            44%        N/A       1%          3

Your spell library contained the following spells:

 Spells                   Type           Power      Damage    Failure   Level
 Beastly Appendage        Tmut           16%        N/A       3%          1
 Freeze                   Ice            32%        1d5       3%          1
 Conjure Flame            Conj/Fire      8%         6-21      11%         3
 Frozen Ramparts          Ice            16%        1d3       11%         3
 Ignite Poison            Fire/Tmut/Pois 8%         N/A       11%         3
 Hailstorm                Conj/Ice       8%         3d4       32%         4
 Sticky Flame             Conj/Fire      8%         2d3       32%         4


Dungeon Overview and Level Annotations

Branches:
Dungeon (9/15)             Temple (1/1) D:7            Lair (0/6) D:8
    Orc: D:9-12

Altars:
Ashenzari
Cheibriados
Dithmenos
Elyvilon
Fedhas
Gozag
Hepliaklqana
Kikubaaqudgha
Nemelex Xobeh
Okawaru
Ru
Sif Muna
Trog
Uskayaw
Vehumet
Wu Jian
Xom
Yredelemnul
Zin
The Shining One


Innate Abilities, Weirdness & Mutations

You are very small and have problems with some larger weapons.
You are too small for most types of armour.
You have supernaturally acute eyesight. (SInv)
You cover ground extremely quickly. (Speed+++)


Message History

Press: ? - help, Shift-Dir - straight line, f - troll, p - centaur
Aim: a troll (chance to affect: 57%)
The troll resists with significant effort.
The centaur misses you. x2; The centaur hits you.
The centaur kicks you but does no damage.
The orc priest calls down the wrath of Beogh upon you.
Beogh smites you!
The orc priest looks satisfied for a moment.
The troll closely misses you. The troll claws you but does no damage.
The troll completely misses you.
Casting: Ensorcelled Hibernation (safe; 1% risk of failure)
Confirm with . or Enter, or press ? or * to list all spells.
Aiming: Ensorcelled Hibernation (safe; 1% risk of failure)
Press: ? - help, Shift-Dir - straight line, f/p - troll
Aim: a troll (chance to affect: 57%)
The troll resists with significant effort.
The centaur hits you. The centaur misses you. The troll barely misses you.
The troll claws you!
* * * LOW HITPOINT WARNING * * *
The troll barely misses you.
Casting: Ensorcelled Hibernation (safe; 1% risk of failure)
Confirm with . or Enter, or press ? or * to list all spells.
Aiming: Ensorcelled Hibernation (safe; 1% risk of failure)
Press: ? - help, Shift-Dir - straight line, f/p - troll
Aim: a troll (chance to affect: 57%)
The troll resists with significant effort.
The centaur misses you. The centaur closely misses you. The centaur hits you.
* * * LOW HITPOINT WARNING * * *
The centaur kicks you but does no damage.
The troll closely misses you. The troll claws you but does no damage.
The troll barely misses you.
Casting: Ensorcelled Hibernation (safe; 1% risk of failure)
Confirm with . or Enter, or press ? or * to list all spells.
Aiming: Ensorcelled Hibernation (safe; 1% risk of failure)
Press: ? - help, Shift-Dir - straight line, f/p - troll
Aim: a troll (chance to affect: 57%)
The troll resists with significant effort.
The centaur completely misses you. x2; The troll misses you.
The troll completely misses you. The troll claws you!
You die...

.... .... .... .... ....
#####################>...
......)<@co...)...c...h..
........oToo.....)T..o.h.
........)..........h.o.o.
#####################....
.... .... #.... #....
#....


You could see a troll, a centaur (very poisoned), 2 orc priests and 2 orcs.

Vanquished Creatures
  Pikel (D:4)
  Joseph (D:7)
  A komodo dragon (D:8)
  Prince Ribbit (D:6)
  A hornet (D:8)
  A wyvern (D:7)
  Eustachio (D:4)
  A wraith (D:5)
  2 steam dragons
  2 water moccasins
  2 orc warriors
  3 ice beasts
  A black bear (D:6)
  A sky beast (D:8)
  3 ogres
  A phantom (D:5)
  2 kobold brigands
  3 bullfrogs
  A gnoll sergeant (D:5)
  4 scorpions
  A necrophage (D:7)
  3 electric eels (D:8)
  2 orc priests
  3 hounds
  A jelly (D:6)
  4 iguanas
  6 orc wizards
  Robin (D:2)
  8 adders
  6 gnolls
  A shadow imp (D:8)
  4 white imps
  An ufetubus (D:6)
  2 worms
  2 dart slugs
  23 orcs
  7 endoplasms
  3 giant cockroaches
  15 goblins
  13 hobgoblins
  4 jackals (D:4)
  20 kobolds
  7 ball pythons
  6 bats
  6 frilled lizards
  3 rats
185 creatures vanquished.

Vanquished Creatures (collateral kills)
  2 orcs (D:7)
2 creatures vanquished.

Vanquished Creatures (others)
  3 dancing weapons
  A kobold (D:9)
  26 plants (D:8)
30 creatures vanquished.

Grand Total: 217 creatures vanquished

Notes
Turn   | Place    | Note
-------+----------+-------------------------------------------
     0 | D:1      | Ypa the Spriggan Enchanter began the quest for the Orb.
     0 | D:1      | Reached XP level 1. HP: 9/9 MP: 5/5
    51 | D:1      | Found a faded altar of an unknown god.
    61 | D:1      | Got Plato's Catalogue of Moulding
   431 | D:2      | Identified the +6 spear of the Queen {venom, Dex+3}
   626 | D:2      | Reached XP level 2. HP: 13/13 MP: 7/7
   629 | D:2      | Learned a level 2 spell: Ensorcelled Hibernation
   746 | D:2      | Noticed Robin
   815 | D:2      | Killed Robin
   816 | D:2      | Reached XP level 3. HP: 8/16 MP: 6/9
  2088 | D:1      | Reached XP level 4. HP: 21/21 MP: 11/11
  2096 | D:1      | Reached skill level 5 in Hexes
  2856 | D:3      | Found a glowing silver altar of Zin.
  2970 | D:3      | HP: 1/21 [orc/boomerang (5)]
  3257 | D:2      | Learned a level 3 spell: Tukima's Dance
  3261 | D:2      | Learned a level 3 spell: Confusing Touch
  3265 | D:2      | Learned a level 3 spell: Dazzling Flash
  3717 | D:3      | Reached skill level 5 in Spellcasting
  3717 | D:3      | Reached XP level 5. HP: 8/24 MP: 3/13
  3956 | D:3      | Found a sacrificial altar of Ru.
  3960 | D:3      | Found a shimmering altar of Xom.
  4260 | D:4      | Noticed Eustachio
  4306 | D:4      | Killed Eustachio
  4307 | D:4      | Reached XP level 6. HP: 18/28 MP: 8/16
  4794 | D:4      | Noticed Pikel
  4812 | D:4      | You fall into a shaft and drop 2 floors!
  5053 | D:6      | Noticed Prince Ribbit
  5055 | D:6      | Noticed an orc warrior
  5083 | D:6      | Killed Prince Ribbit
  5083 | D:6      | Killed an orc warrior
  5084 | D:6      | Reached XP level 7. HP: 15/32 MP: 7/18
  5367 | D:5      | Entered Level 5 of the Dungeon
  5468 | D:6      | Reached skill level 5 in Stealth
  5857 | D:6      | Reached XP level 8. HP: 29/36 MP: 16/21
  5933 | D:6      | Reached skill level 6 in Stealth
  5934 | D:6      | Identified the +0 pair of gloves "Guofraipt" {rN+ Str+3}
  6617 | D:5      | Reached skill level 7 in Stealth
  7130 | D:5      | Reached skill level 8 in Stealth
  7452 | D:5      | Reached skill level 9 in Stealth
  7840 | D:5      | Reached XP level 9. HP: 28/39 MP: 23/23
  8280 | D:4      | Killed Pikel
  8281 | D:4      | Reached skill level 10 in Stealth
  8558 | D:7      | Reached skill level 1 in Fighting
  8969 | D:7      | Noticed Joseph
  8990 | D:7      | Reached skill level 11 in Stealth
  8998 | D:7      | Killed Joseph
  8999 | D:7      | Reached skill level 10 in Hexes
  9128 | D:7      | Found a staircase to the Ecumenical Temple.
  9141 | Temple   | Entered the Ecumenical Temple
  9535 | D:8      | Found a shadowy altar of Dithmenos.
  9541 | D:8      | Became a worshipper of Dithmenos the Shadowed
  9576 | D:8      | Reached skill level 10 in Spellcasting
  9576 | D:8      | Reached XP level 10. HP: 35/46 MP: 17/25
  9630 | D:8      | Reached skill level 5 in Dodging
  9729 | D:8      | Reached skill level 12 in Stealth
  9846 | D:8      | Found a staircase to the Lair.
  9967 | D:8      | Found a bloodstained altar of Trog.
 10551 | D:9      | Slain by a troll

Illustrated notes

Levels and vault maps discovered:
D:1:      saegor_arrival_simple_a, layout_rooms, serial_glass, glass_columns_a,
          glass_columns_a, glass_columns_b, shapermc_ecumenical_altar_rom_forum,
          minmay_tiny_reverse_x
D:2:      layout_loops_corners, uniq_robin
D:3:      layout_rooms, grunt_temple_overflow_open, zin_academy,
          chequers_serial_rivers_small_a
D:4:      layout_cave_pools, uniq_pikel, uniq_eustachio
D:5:      layout_basic, lightli_minifort
D:6:      layout_cave_pools, uniq_prince_ribbit1
D:7:      layout_rooms, minmay_temple_entry_wispy, uniq_joseph
D:8:      layout_rooms, general_overflow_altar, kennysheep_little_box,
          david_lair_shrubbed, chequers_big_river
D:9:      layout_cross, grunt_qazlal_sundering
Temple:   regret_index_temple_waves

Skill      XL: |  1  2  3  4  5  6  7  8  9 10 |
---------------+-------------------------------+-----
Spellcasting   | 3 4 5 6 7 8 9 10 | 10.2
Hexes          | 4 5 6 7 8 9 10 | 10.4
Stealth        | 5 9 11 12 | 12.4
Dodging        | 4 5 |  5.4
Fighting       | 2 |  2.7
Short Blades   | 3 4 |  4.0

Action                   |  1- 3 |  4- 6 |  7- 9 | 10-12 || total
-------------------------+-------+-------+-------+-------++-------
Melee: Dagger            |    75 |   155 |   196 |    50 ||   476
       Punch             |       |     2 |     4 |     1 ||     7
Throw: Throwing net      |       |     2 |     1 |       ||     3
 Cast: Ensorcelled Hiber |     7 |    31 |    52 |    12 ||   102
       Tukima's Dance    |       |     1 |     3 |     2 ||     6
       Confusing Touch   |       |       |    12 |     1 ||    13
Evoke: Wand              |       |     1 |       |       ||     1
  Use: Potion            |     5 |     1 |     2 |       ||     8
       Scroll            |     3 |     5 |     9 |     1 ||    18
 Stab: Sleeping          |    15 |    13 |    35 |     6 ||    69
       Confused          |       |       |     8 |       ||     8
       Distracted        |       |       |     1 |       ||     1
Armor: Robe              |     6 |    25 |    17 |    11 ||    59
Dodge: Dodged            |    45 |   165 |   154 |    70 ||   434

Table legend: (Time is in decaauts)
 A = Elapsed time spent in this place.
 B = Non-inter-level travel time spent in this place.
 C = Inter-level travel time spent in this place.
 D = Time resting spent in this place.
 E = Time spent auto-exploring this place.
 F = Levels seen in this place.
 G = Mean time per level.
                   A        B        C        D        E       F      G
               +--------+--------+--------+--------+--------+-----+--------+
         Total |   8604 |   8397 |    207 |   1514 |   5359 |  10 |  860.4 |
       Dungeon |   8528 |   8333 |    195 |   1514 |   5303 |   9 |  947.6 |
        Temple |     75 |     64 |     11 |      0 |     56 |   1 |   75.0 |
               +--------+--------+--------+--------+--------+-----+--------+

Top non-repeatable levels by time:
     D:2: 1735 daAuts
     D:6: 1696 daAuts
     D:5: 1209 daAuts
     D:1: 881 daAuts
     D:3: 843 daAuts
     D:8: 826 daAuts
     D:4: 701 daAuts
     D:7: 585 daAuts
  Temple: 75 daAuts
     D:9: 49 daAuts
